 Dungeon Crawl Stone Soup version 0.28.0-53-g5a82cb258f (webtiles) character file.

Game seed: 5806858777930541028

657 LynnLen the Gusty (level 7, 0/27 HPs)
             Began as a Felid Air Elementalist on Aug 1, 2022.
             Was an Initiate of Makhleb.
             Killed by their own static electricity (2 damage)
             ... on level 6 of the Dungeon.
             The game lasted 00:39:59 (11016 turns).

LynnLen the Gusty (Felid Air Elementalist)         Turns: 11016, Time: 00:40:00

Health: 0/27       AC:  2    Str:  4    XL:     7   Next: 29%
Magic:  18/24      EV: 17    Int: 19    God:    Makhleb [......]
Gold:   240        SH:  0    Dex: 16    Spells: 4/16 levels left
                                        Lives:  0   Deaths: 2

rFire   . . .      SeeInvis +   (weapon unavailable)
rCold   . . .      Faith    .   (shield unavailable)
rNeg    . . .      Spirit   .   (armour unavailable)
rPois   .          Reflect  .   (helmet unavailable)
rElec   .          Harm     .   (cloak unavailable)
rCorr   .          Rampage  .   (gloves unavailable)
Will    +....                   (boots unavailable)
Stlth   ++........              (no amulet)
HPRegen 0.09/turn               d - ring of magical power
MPRegen 0.19/turn               (no ring)

@: sluggish, slow
A: very small, claws 1, fangs 3, see invisible, speed 1, shaggy fur 2, stealthy
paws, no weapons or thrown items, no armour, multi-lived
a: Renounce Religion


You were on level 6 of the Dungeon.
You worshipped Makhleb.
Makhleb was noncommittal.
You visited 2 branches of the dungeon, and saw 8 of its levels.

You collected 240 gold pieces.

Inventory:

Jewellery
 d - a ring of magical power (left paw)
Wands
 g - a wand of flame (14)
Potions
 a - 4 potions of curing
 b - a potion of attraction
 h - a potion of magic


   Skills:
 - Level 2.6 Dodging
 - Level 2.6 Stealth
 + Level 5.0 Spellcasting
 + Level 4.2 Conjurations
 * Level 2.0 Transmutations
 * Level 6.4 Air Magic
 * Level 1.5 Earth Magic
 * Level 1.1 Invocations


You had 4 spell levels left.
You knew the following spells:

 Your Spells              Type           Power      Damage    Failure   Level
a - Shock                 Conj/Air       100%       1d9       1%          1
b - Static Discharge      Conj/Air       25%        N/A       1%          2
c - Swiftness             Air            29%        N/A       2%          3
d - Airstrike             Air            14%        N/A       9%          4
e - Passwall              Tmut/Erth      9%         N/A       9%          2

Your spell library contained the following spells:

 Spells                   Type           Power      Damage    Failure   Level
 Magic Dart               Conj           80%        1d7       2%          1
 Mephitic Cloud           Conj/Pois/Air  18%        N/A       9%          3
 Call Imp                 Summ           4%         N/A       19%         2
 Ensorcelled Hibernation  Hex/Ice        8%         N/A       19%         2


Dungeon Overview and Level Annotations

Branches:
Dungeon (7/15)             Temple (1/1) D:4

Altars:
Ashenzari
Dithmenos
Elyvilon
Fedhas
Gozag
Hepliaklqana
Kikubaaqudgha
Makhleb
Nemelex Xobeh
Okawaru
Qazlal
Ru
Trog
Vehumet
Wu Jian
Xom
Yredelemnul
Zin
The Shining One

Shops:
D:4 :


Innate Abilities, Weirdness & Mutations

You have sharp claws.
You have razor-sharp teeth.
You have supernaturally acute eyesight. (SInv)
You cover ground quickly. (Speed+)
You are covered in thick fur. (AC +2)
Your paws help you pounce on unaware monsters.
You are incapable of wielding weapons or throwing items.
You cannot wear armour.
You gain extra lives every three experience levels.


Message History

The ogre misses you.
The hound stops to sniff the ground.
An ogre comes into view. It is wielding a +0 giant spiked club.
You start to feel a little slower.
The ogre shouts!
The hound stops to sniff the ground.
You feel sluggish. The hound bites you.
* * * LOW HITPOINT WARNING * * *
The hound misses you. The hound barely misses you. The hound misses you.
The hound closely misses you.
There is a stone staircase leading down here.
The hound barely misses you. The hound misses you.
You climb downwards.
You start to feel a little faster.
Found an escape hatch in the ceiling.
There is a stone staircase leading up here.
Unknown command.
Casting: Static Discharge (safe; 1% risk of failure)
Press: ? - help, Q - select action, (/) - cycle Dir - look around, f - activate The hound is struck by an arc of lightning.
The hound is moderately wounded.
The lightning grounds out.
The hound closely misses you.
Casting: Static Discharge (safe; 1% risk of failure)
Press: ? - help, Q - select action, (/) - cycle Dir - look around, f - activate The hound is struck by an arc of lightning.
The hound is heavily wounded.
The lightning grounds out.
The hound bites you.
* * * LOW HITPOINT WARNING * * *
The hound misses you.
Casting: Static Discharge (safe; 1% risk of failure)
Press: ? - help, Q - select action, (/) - cycle Dir - look around, f - activate The hound is struck by an arc of lightning!
The hound is almost dead.
You are struck by an arc of lightning.
You die...

###** ****#...###* ***
****,,,.......### *,,
*,**,,,.......@h#**** **,,
***,,,,,,.............#**** *,,,
*,*,,,,,,......##...###,,,**
***,
*,**,,,,,.....#**..##,,,,,,** **
*,,*,,,,,...##,,,.#.,,,,,,,,** *
*,,*,,,,,..,,,,,,....,,,,,,,,**
*,,,,,,,,.,*****,..,..,,,,,,,,**
*,,,,,********,,,......,,,,,,,,*
*,,,,** **,,,,,,,,,,,,,,,,,,**


You could see a hound.

Vanquished Creatures
  Grinder (D:3)
  Sigmund (D:4)
  A black bear (D:4)
  2 ogres
  Blork the orc (D:4)
  3 bullfrog zombies (D:5)
  3 hounds (D:5)
  4 iguanas
  A centaur skeleton (D:5)
  Terence (D:3)
  Natasha (thrice) (D:3)
  Robin (D:3)
  3 adders
  3 gnolls (D:4)
  A shadow imp (D:5)
  A white imp (D:5)
  2 worms (D:4)
  2 dart slugs
  11 orcs
  10 bats
  7 endoplasms
  3 giant cockroaches
  11 goblins
  9 hobgoblins
  3 jackals (D:4)
  2 quokkas (D:1)
  10 ball pythons
  3 frilled lizards
  A kobold (D:1)
  6 rats
110 creatures vanquished.

Notes
Turn   | Place    | Note
-------+----------+-------------------------------------------
     0 | D:1      | LynnLen the Felid Air Elementalist began the quest for the
                  | Orb.
     0 | D:1      | Reached XP level 1. HP: 7/7 MP: 4/4
     1 | D:1      | Noticed a felid
     6 | D:1      | Noticed a vampire
    14 | D:1      | Noticed a vampire
    16 | D:1      | Noticed an elf
    16 | D:1      | Noticed a merfolk zombie
    22 | D:1      | Noticed a minotaur zombie
    22 | D:1      | Noticed an ogre
    24 | D:1      | Noticed a naga
    74 | D:1      | Reached skill level 1 in Conjurations
   242 | D:1      | Reached skill level 3 in Air Magic
   245 | D:1      | Reached XP level 2. HP: 11/11 MP: 1/6
   624 | D:1      | Learned a level 2 spell: Static Discharge
  2025 | D:2      | Reached XP level 3. HP: 13/14 MP: 3/7
  2974 | D:2      | Found a faded altar of an unknown god.
  3384 | D:3      | Noticed Natasha
  3566 | D:3      | Noticed Terence
  3702 | D:3      | Learned a level 3 spell: Swiftness
  4059 | D:3      | Noticed Robin
  4089 | D:3      | Killed Robin
  4090 | D:3      | Reached XP level 4. HP: 18/18 MP: 2/9
  4222 | D:3      | Noticed Grinder
  4224 | D:3      | Paralysed by Grinder for 3 turns
  4320 | D:3      | Killed Terence
  4870 | D:3      | Killed Natasha
  5025 | D:3      | Noticed Natasha
  5029 | D:3      | Killed Natasha
  5030 | D:3      | Reached XP level 5. HP: 14/21 MP: 6/10
  5035 | D:3      | Learned a level 4 spell: Airstrike
  5185 | D:3      | Noticed Natasha
  5189 | D:3      | Killed Natasha
  5536 | D:3      | Killed from afar by Grinder
  5537 | D:3      | Reached XP level 4. HP: -5/18 MP: 1/9
  5552 | D:3      | Killed Grinder
  5553 | D:3      | Reached skill level 4 in Air Magic
  5553 | D:3      | Reached XP level 5. HP: 20/21 MP: 5/11
  5553 | D:3      | Gained mutation: You are covered in thick fur. (AC +2)
                  | [Felid growth]
  5553 | D:3      | Reached XP level 6. HP: 23/24 MP: 5/12
  6163 | D:4      | Noticed Sigmund
  6682 | D:4      | Noticed Blork the orc
  7307 | D:4      | Killed Sigmund
  7308 | D:4      | Reached skill level 5 in Air Magic
  7433 | D:4      | Learned a level 2 spell: Passwall
  7457 | D:4      | Found Daddebef's Book Emporium.
  7632 | D:4      | Reached XP level 7. HP: 18/27 MP: 5/14
  8083 | D:4      | Found a shadowy altar of Dithmenos.
  8455 | D:4      | Killed Blork the orc
  8456 | D:4      | Reached skill level 1 in Transmutations
  9160 | D:4      | Reached skill level 1 in Earth Magic
  9483 | D:4      | Found a staircase to the Ecumenical Temple.
  9560 | Temple   | Entered the Ecumenical Temple
  9736 | Temple   | Became a worshipper of Makhleb the Destroyer
  9817 | D:5      | Entered Level 5 of the Dungeon
  9900 | D:5      | You fall into a shaft and drop 2 floors!
  9982 | D:5      | Reached skill level 6 in Air Magic
 10513 | D:5      | Reached XP level 8. HP: 28/31 MP: 16/16
 10680 | D:5      | Shot with an arrow by a centaur
 10681 | D:5      | Reached XP level 7. HP: -5/27 MP: 24/24
 10731 | D:5      | Reached skill level 1 in Invocations
 10762 | D:5      | Reached skill level 5 in Spellcasting
 11016 | D:6      | Killed from afar by themself

Illustrated notes

Levels and vault maps discovered:
D:1:      shiori_arrival_whats_in_store_for_you, layout_basic
D:2:      layout_loops_corners, chequers_ecumenical_altar_grove
D:3:      layout_loops_ring, st_stairs_12, uniq_grinder, uniq_robin,
          uniq_natasha, uniq_terence
D:4:      nicolae_cairo_tiling_very_big, layout_loops_ring,
          mainiacjoe_overflow_chevrons, serial_shops, nicolae_square_shop,
          st_stairs_4, uniq_sigmund, uniq_blork_the_orc
D:5:      layout_loops_ring, minmay_divided_ellipse
D:6:      layout_cave_pods, minitemple
D:7:      minmay_the_grid_octo_2x2 [minmay_the_grid_octo_clover,
          minmay_the_grid_octo_toaster, minmay_the_grid_octo_vomiting_pacman,
          minmay_the_grid_octo_prize_big_c], layout_basic
Temple:   regret_index_temple_mists

Skill      XL: |  1  2  3  4  5  6  7 |
---------------+----------------------+-----
Conjurations   | 1 2 3 4 |  4.2
Air Magic      | 3 4 5 6 |  6.4
Spellcasting   | 3 4 5 |  5.0
Transmutations | 2 |  2.0
Earth Magic    | 1 |  1.5
Invocations    | 1 |  1.1
Dodging        | |  2.6
Stealth        | |  2.6

Action                   |  1- 3 |  4- 6 |  7- 9 || total
-------------------------+-------+-------+-------++-------
Melee: Unarmed           |    29 |     5 |     1 ||    35
       Bite              |     4 |       |       ||     4
       Punch             |     1 |       |       ||     1
 Cast: Shock             |    61 |    83 |    91 ||   235
       Static Discharge  |    13 |    15 |    26 ||    54
       Airstrike         |       |     4 |     6 ||    10
       Swiftness         |       |     1 |     2 ||     3
  Use: Scroll            |     5 |     3 |     5 ||    13
       Potion            |       |     3 |       ||     3
Armor: Skin              |     8 |     3 |     1 ||    12
Dodge: Dodged            |    44 |    38 |    57 ||   139
